 Dungeon Crawl Stone Soup version 0.29-a0-1009-g60c99734e7 (webtiles) character file.

Game seed: 7176711668773606942

46771 drugrobin the Destroyer (level 13, -1/116 (118) HPs)
             Began as a Demigod Fighter on Aug 8, 2022.
             Collided with some lava (6 damage)
             ... caused by a swamp worm
             ... on level 1 of the Lair of Beasts.
             The game lasted 01:11:08 (25694 turns).

drugrobin the Destroyer (Demigod Fighter)          Turns: 25694, Time: 01:11:08

HP:   -1/116 (118)  AC:  9    Str: 29    XL:     13   Next: 68%
MP:   0/29          EV: 19    Int: 16    God:
Gold: 947           SH:  6    Dex: 23    Spells: 9/28 levels left

rFire   . . .      SeeInvis .   a - +8 mace "Inin" {venom, Contam Will+ Int+2 Dex+4}
rCold   . . .      Faith    .   m - +0 buckler
rNeg    . . .      Spirit   +   R - +0 troll leather armour
rPois   +          Reflect  .   E - +2 helmet
rElec   .          Harm     .   u - +0 cloak
rCorr   .          Rampage  .   (no gloves)
Will    ++...                   G - +0 pair of boots
Stlth   ++........              w - amulet of guardian spirit
HPRegen 1.09/turn               i - +6 ring of dexterity
MPRegen 0.21/turn               e - ring of poison resistance

@: lethally poisoned (-1 -> -1), about to teleport, slowed, lightly drained,
very slow
A: high MP 1, forlorn, divine attributes
a: no special abilities


You were on level 1 of the Lair of Beasts.
You visited 3 branches of the dungeon, and saw 16 of its levels.

You collected 1192 gold pieces.
You spent 245 gold pieces at shops.

Inventory:

Hand Weapons
 a - the +8 mace "Inin" (weapon) {venom, Contam Will+ Int+2 Dex+4}
   (You found it on level 7 of the Dungeon)

   It poisons the flesh of those it strikes.
   Int:       It affects your intelligence (+2).
   Dex:       It affects your dexterity (+4).
   Contam:    It causes magical contamination when unequipped.
   Will:      It increases your willpower.
Missiles
 f - 14 curare-tipped darts
 k - 9 javelins (quivered)
 N - 26 poisoned darts
Armour
 m - a +0 buckler (worn)
 u - a +0 cloak (worn)
 E - a +2 helmet (worn)
 G - a +0 pair of boots (worn)
 R - a +0 troll leather armour (worn)
Jewellery
 e - a ring of poison resistance (right hand)
 i - a +6 ring of dexterity (left hand)
 w - an amulet of guardian spirit (around neck)
 C - a ring of willpower
 W - a ring of resist corrosion
 Y - a ring of protection from fire
Wands
 b - a wand of light (7)
 p - a wand of paralysis (9)
 B - a wand of digging (10)
 D - a wand of iceblast (28)
 F - a wand of flame (5)
 T - a wand of polymorph (6)
 Z - a wand of mindburst (3)
Scrolls
 g - 3 scrolls of magic mapping {unknown}
 j - 4 scrolls of fear {unknown}
 l - 2 scrolls of brand weapon {unknown}
 o - 2 scrolls of silence {unknown}
 q - 7 scrolls of vulnerability
 r - a scroll of butterflies
 t - 4 scrolls of enchant armour {unknown}
 v - 4 scrolls of teleportation
 x - a scroll of poison
 J - a scroll of torment
 L - 2 scrolls of enchant weapon
 M - 3 scrolls of amnesia
 V - a scroll of immolation
Potions
 c - a potion of magic
 d - 2 potions of ambrosia {unknown}
 n - 4 potions of lignification
 s - 2 potions of attraction
 y - a potion of might
 z - 4 potions of brilliance
 H - 3 potions of degeneration {unknown}
 I - 4 potions of curing
 K - 3 potions of mutation
 O - 2 potions of heal wounds
 P - 3 potions of berserk rage {unknown}
 S - 2 potions of invisibility {unknown}
 X - a potion of flight {unknown}


   Skills:
 + Level 12.1 Fighting
 - Level 1.7 Axes
 - Level 2.6 Armour
 - Level 10.0 Dodging
 - Level 2.6 Shields
 - Level 8.0 Spellcasting
 + Level 12.3 Conjurations
 - Level 8.0 Evocations


You had 9 spell levels left.
You knew the following spells:

 Your Spells              Type           Power      Damage    Failure   Level
a - Stone Arrow           Conj/Erth      52%        3d10      3%          3
b - Mephitic Cloud        Conj/Pois/Air  19%        N/A       9%          3
c - Iskenderun's Battles  Conj           45%        2d10      2%          5
d - Dazzling Flash        Conj/Hex       52%        N/A       3%          3
e - Iskenderun's Mystic   Conj/Tloc      26%        2d7       13%         4
q - Apportation           Tloc           12%        N/A       16%         1

Your spell library contained the following spells:

 Spells                   Type           Power      Damage    Failure   Level
 Sandblast                Erth           12%        2d6       16%         1
 Passwall                 Tmut/Erth      5%         N/A       24%         2
 Sublimation of Blood     Necr           6%         N/A       24%         2
 Irradiate                Conj/Tmut      13%        3d16      34%         5
 Ignite Poison            Fire/Tmut/Pois 6%         N/A       43%         3
 Tukima's Dance           Hex            6%         N/A       43%         3
 Freezing Cloud           Conj/Ice/Air   9%         6-21      63%         5
 Passage of Golubria      Tloc           6%         N/A       85%         4
 Petrify                  Tmut/Erth      6%         N/A       85%         4
 Iron Shot                Conj/Erth      13%        9d3       89%         6
 Starburst                Conj/Fire      13%        6d5       89%         6
 Alistair's Intoxication  Tmut/Pois      4%         N/A       99%         5
 Borgnjor's Vile Clutch   Necr/Erth      3%         N/A       99%         5
 Yara's Violent Unravell  Hex/Tmut       3%         3d4       99%         5
 Eringya's Noxious Bog    Tmut/Pois      3%         N/A       100%        6
 Spellforged Servitor     Conj/Summ      13%        N/A       100%        7


Dungeon Overview and Level Annotations

Branches:
Dungeon (10/15)            Temple (1/1) D:5            Lair (5/5) D:10
 Shoals (0/4) Lair:3       Spider (0/4) Lair:2        Slime (0/5) Lair:5
    Orc (0/2) D:9

Shops:
D:4 [   D:7 *

Annotations:
D:8 exclusion: orange crystal statue
Lair:1 1 transporter
Lair:3 3 runed translucent doors, bamboobucko's ghost, journeyman DsIE
Lair:5 exclusion: obsidian statue


Innate Abilities, Weirdness & Mutations

You have an increased reservoir of magic. (+10% MP)
You shall have no god before yourself.
Your divine heritage dramatically boosts your attributes as you level up.


Message History

The swamp worm fires a harpoon shot at you.
The harpoon shot hits you!
You are yanked forward by the harpoon shot.
You violently stop moving!
The swamp worm fires a harpoon shot at you.
The harpoon shot hits you.
You are yanked forward by the harpoon shot.
You violently stop moving!
The swamp worm fires a harpoon shot at you.
The harpoon shot hits you.
You are yanked forward by the harpoon shot.
You violently stop moving!
* * * LOW HITPOINT WARNING * * *
Unknown command.
Unknown command.
Unknown command.
As you read the scroll of teleportation, it crumbles to dust.
You feel strangely unstable.
You are engulfed in dark miasma.
You feel yourself slow down.
* * * LOW HITPOINT WARNING * * *
You feel very sick.
The swamp worm fires a harpoon shot at you.
The harpoon shot hits you!
* * * LOW HITPOINT WARNING * * *
You are yanked forward by the harpoon shot.
You violently stop moving!
Unknown command.
Unknown command.
Unknown command.
Unknown command.
Unknown command.
You feel much better.
You are engulfed in dark miasma.
* * * LOW HITPOINT WARNING * * *
You feel very sick.
The swamp worm fires a harpoon shot at you.
The harpoon shot hits you!
* * * LOW HITPOINT WARNING * * *
You are yanked forward by the harpoon shot.
You violently stop moving!
You die...

##....#.# #####<......#..... #
###.....####P.##.........#... #
##................####....#... #
#.......#########..###..#..... #
##......#♣#w#.#w#....##.......
####..#...##§≈≈#≈≈≈####.####..#..
..........#PPPP§PPP#$=#.# ###...
...#.##..©#©^^^^^^§+ ©#©# #####..
##....#...#P.P§P@PP# #.# #......
#........##≈§≈≈#≈≈####.###......
####......##w#♣#w##....##.......
#......#########..##.##......
#................÷.....÷.....
#...##............#.###..#...
###.##...................#..#
#.....÷.....................
##......######.......####.##


You could see 4 swamp worms.

Vanquished Creatures
  3 dire elephants
  5 hydras
  9 death yaks
  2 spectral death yaks (Lair:5)
  A spectral anaconda (Lair:5)
  3 necromancers (Lair:5)
  A manticore (D:8)
  9 elephants (Lair:5)
  5 black mambas
  2 dire elephant skeletons (Lair:5)
  12 cane toads
  5 komodo dragons
  Psyche (D:8)
  A rime drake (Lair:4)
  A polar bear (Lair:3)
  A troll (D:10)
  2 hornets
  Grinder (D:6)
  14 blink frogs
  2 spectral elephants (Lair:5)
  A snapping turtle (Lair:3)
  49 yaks
  10 wyverns
  4 basilisks
  3 redbacks (Lair:2)
  4 vampire mosquitoes (D:8)
  2 spectral cane toads (Lair:5)
  Menkaure (D:6)
  A death yak simulacrum (Lair:5)
  2 steam dragons
  A swamp worm (Lair:1)
  18 water moccasins
  6 orc warriors
  Duvessa (D:6)
  2 black bears
  4 centaurs
  2 elephant zombies (Lair:5)
  21 wolves
  An elephant skeleton (Lair:5)
  A phantom (D:6)
  5 kobold brigands
  12 bullfrogs
  2 necrophages
  A cane toad simulacrum (Lair:5)
  3 scorpions
  Dowan (D:6)
  An elephant simulacrum (Lair:5)
  5 killer bees (D:9)
  2 howler monkeys
  4 electric eels
  A jelly (D:6)
  2 hounds
  4 orc priests
  Crazy Yiuf (D:7)
  8 iguanas
  11 orc wizards
  8 adders
  3 gnolls (D:4)
  2 shadow imps
  A white imp (D:8)
  An ufetubus (D:5)
  A dart slug (D:3)
  38 orcs
  3 bats
  5 endoplasms
  7 goblins
  7 hobgoblins
  6 jackals
  19 kobolds
  3 quokkas
  4 ball pythons
  3 frilled lizards
388 creatures vanquished.

Vanquished Creatures (others)
  2 briar patches (Lair:1)
  47 fungi
  45 plants
  39 withered plants
133 creatures vanquished.

Grand Total: 521 creatures vanquished

Notes
Turn   | Place    | Note
-------+----------+-------------------------------------------
     0 | D:1      | drugrobin the Demigod Fighter began the quest for the Orb.
     0 | D:1      | Reached XP level 1. HP: 18/18 MP: 3/3
   257 | D:1      | Reached XP level 2. HP: 26/26 MP: 4/4
   672 | D:2      | Reached skill level 1 in Spellcasting
  1520 | D:3      | Reached XP level 3. HP: 22/31 MP: 7/7
  1794 | D:3      | Learned a level 3 spell: Stone Arrow
  1938 | D:3      | Reached XP level 4. HP: 32/40 MP: 7/9
  2288 | D:3      | Noticed a kobold brigand
  2296 | D:3      | Noticed a kobold brigand
  2318 | D:3      | Killed a kobold brigand
  2319 | D:3      | Reached XP level 5. HP: 13/47 MP: 3/11
  3002 | D:4      | Reached skill level 5 in Fighting
  3002 | D:4      | Reached skill level 1 in Conjurations
  3002 | D:4      | Reached XP level 6. HP: 43/56 MP: 10/14
  3087 | D:4      | Found a transporter.
  3781 | D:4      | Found Abay's Armour Emporium.
  3786 | D:4      | Bought a +2 helmet for 165 gold pieces
  3818 | D:4      | Found a transporter.
  4060 | D:4      | Reached skill level 1 in Evocations
  4196 | D:5      | Entered Level 5 of the Dungeon
  4351 | D:5      | Found a staircase to the Ecumenical Temple.
  4409 | D:5      | Reached XP level 7. HP: 58/61 MP: 14/16
  4550 | Temple   | Entered the Ecumenical Temple
  4669 | D:5      | Noticed a yak
  4669 | D:5      | Noticed a yak
  4724 | D:5      | Killed a yak
  5099 | D:5      | Noticed a yak
  5165 | D:5      | Killed a yak
  5324 | D:5      | Killed a yak
  5398 | D:5      | Reached XP level 8. HP: 63/66 MP: 16/18
  5649 | D:6      | Noticed Grinder
  5660 | D:6      | Reached skill level 5 in Spellcasting
  5721 | D:6      | Killed Grinder
  6153 | D:6      | Reached skill level 5 in Conjurations
  6422 | D:6      | Noticed Menkaure
  6452 | D:6      | Noticed Duvessa
  6458 | D:6      | Killed Menkaure
  6468 | D:6      | Killed Duvessa
  6471 | D:6      | Noticed Dowan
  6569 | D:6      | Killed Dowan
  6941 | D:6      | Reached skill level 5 in Evocations
  7344 | D:7      | Reached XP level 9. HP: 74/74 MP: 21/21
  7866 | D:7      | Found Havo's General Store.
  7878 | D:7      | Identified the +8 mace "Inin" {venom, Contam Will+ Int+2
                  | Dex+4}
  7981 | D:7      | Bought a potion of mutation for 80 gold pieces
  8317 | D:7      | Found a runed translucent door.
  8318 | D:7      | Noticed Crazy Yiuf
  8323 | D:7      | Killed Crazy Yiuf
  8412 | D:8      | Reached skill level 1 in Dodging
  9552 | D:8      | Noticed Psyche
  9683 | D:8      | Noticed an orange crystal statue
  9726 | D:8      | Reached XP level 10. HP: 65/83 MP: 14/24
 10268 | D:8      | Killed Psyche
 10670 | D:9      | Noticed a manticore
 10900 | D:8      | Killed a manticore
 12579 | D:9      | Found a staircase to the Orcish Mines.
 12704 | D:9      | Learned a level 1 spell: Apportation
 12810 | D:10     | Entered Level 10 of the Dungeon
 12899 | D:9      | Reached XP level 11. HP: 51/92 MP: 2/27
 13343 | D:10     | Found a staircase to the Lair.
 13500 | D:10     | Reached skill level 5 in Dodging
 13767 | D:10     | Learned a level 3 spell: Mephitic Cloud
 13773 | D:10     | Learned a level 5 spell: Iskenderun's Battlesphere
 14284 | Lair:1   | Entered Level 1 of the Lair of Beasts
 14300 | Lair:1   | Learned a level 3 spell: Dazzling Flash
 14344 | Lair:1   | Noticed an eight-headed hydra
 14355 | Lair:1   | Killed an eight-headed hydra
 14686 | Lair:1   | Found a transporter.
 14825 | Lair:1   | Found a transporter.
 15512 | Lair:2   | Learned a level 4 spell: Iskenderun's Mystic Blast
 15759 | Lair:2   | Identified the +1 leather armour of the Guild-Master
                  | {Contam rF+ Int+3 Slay+2}
 16174 | Lair:2   | Noticed a seven-headed hydra
 16572 | Lair:2   | Killed a seven-headed hydra
 16922 | Lair:2   | Found a hole to the Spider Nest.
 17011 | Lair:2   | Reached XP level 12. HP: 85/104 MP: 17/28
 17055 | Lair:3   | Noticed an eight-headed hydra
 17281 | Lair:3   | Killed an eight-headed hydra
 17681 | Lair:3   | Reached skill level 10 in Conjurations
 17746 | Lair:3   | Noticed bamboobucko's ghost (journeyman DsIE)
 18280 | Lair:3   | Reached skill level 10 in Fighting
 18675 | Lair:3   | Found a runed translucent gate.
 18675 | Lair:3   | Found a runed translucent gate.
 18675 | Lair:3   | Found a runed translucent gate.
 18798 | Lair:3   | Found a staircase to the Shoals.
 20369 | Lair:5   | Entered Level 5 of the Lair of Beasts
 20566 | Lair:5   | Noticed a seven-headed hydra
 20699 | Lair:5   | Killed a seven-headed hydra
 21170 | Lair:5   | Noticed a seven-headed hydra
 21180 | Lair:5   | Reached XP level 13. HP: 114/114 MP: 27/29
 22558 | Lair:5   | Found a staircase to the Slime Pits.
 22869 | Lair:5   | Noticed a dire elephant
 22878 | Lair:5   | Noticed a dire elephant
 22931 | Lair:4   | Killed a dire elephant
 23111 | Lair:5   | Reached skill level 10 in Dodging
 23392 | Lair:5   | Noticed a dire elephant
 23432 | Lair:5   | Killed a dire elephant
 23609 | Lair:5   | Noticed a dire elephant
 23609 | Lair:5   | Noticed a dire elephant
 24899 | Lair:5   | Killed a dire elephant
 25133 | Lair:5   | Identified the +6 flail "Gep Duro" {freeze, Contam Str+9}
 25694 | Lair:1   | HP: 5/116 [swamp worm/harpoon shot (12)]
 25694 | Lair:1   | Collided with some lava

Illustrated notes

Levels and vault maps discovered:
D:1:      minmay_arrival_three_doors, layout_rooms
D:2:      layout_basic, shapermc_ecumenical_altar_flowoftime, basic_altar
D:3:      cheibrodos_thug_alley, layout_basic, lemuel_tele_altar
D:4:      gammafunk_steamed_eel, layout_loops_corners, serial_shops,
          nicolae_shop_trees
D:5:      layout_cave_pods, minmay_temple_entry_gardened_gates, st_stairs_4
D:6:      layout_basic, mainiacjoe_overflow_boulevard, cheibriados_altar_1,
          uniq_duvessa, uniq_grinder, uniq_menkaure
D:7:      layout_basic, serial_shops, nicolae_shop_waterfront,
          uniq_crazy_yiuf_cottage
D:8:      minmay_statue_hallways, layout_loops_ring, uniq_psyche
D:9:      layout_long_grid, general_overflow_altar,
          gammafunk_temple_overflow_elements, david_orc_4,
          kennysheep_generic_room_13
D:10:     layout_grid_maze, minmay_lair_entry_grove
Temple:   minmay_temple_bridge_d
Lair:1:   gammafunk_worm_tunnel, layout_misc_corridors
Lair:2:   layout_regular_city, spider_nest_entry_webs
Lair:3:   layout_cave_pods, minmay_shoals_entry_hut, gammafunk_ghost_icy,
          grunt_megastairs_1, serial_bayou_shore_b
Lair:4:   layout_cave_pods
Lair:5:   due_jungle_book, layout_cave_pods, slime_entry_1

Skill      XL: |  1  2  3  4  5  6  7  8  9 10 11 12 13 |
---------------+----------------------------------------+-----
Fighting       | 3 4 5 6 7 9 10 12 | 12.1
Spellcasting   | 1 2 3 4 6 7 8 |  8.0
Conjurations   | 1 2 3 5 6 7 9 11 12 | 12.3
Evocations     | 1 3 5 6 7 8 |  8.0
Dodging        | 2 4 7 9 10 | 10.0
Axes           | |  1.7
Armour         | |  2.6
Shields        | |  2.6

Action                   |  1- 3 |  4- 6 |  7- 9 | 10-12 | 13-15 || total
-------------------------+-------+-------+-------+-------+-------++-------
Melee: War axe           |    21 |     7 |    64 |       |       ||    92
       Hand axe          |    72 |    65 |     8 |       |       ||   145
       Dagger            |       |    67 |   141 |       |       ||   208
       Mace              |       |       |   100 |   543 |   206 ||   849
 Fire: Sling             |    32 |    30 |    39 |       |       ||   101
Throw: Boomerang         |    11 |     6 |     9 |     2 |       ||    28
       Dart              |       |       |     5 |     5 |     3 ||    13
       Javelin           |       |       |       |    27 |     4 ||    31
 Cast: Stone Arrow       |       |       |    18 |   207 |   118 ||   343
       Apportation       |       |       |       |     1 |       ||     1
       Iskenderun's Myst |       |       |       |     3 |       ||     3
       Mephitic Cloud    |       |       |       |     5 |    13 ||    18
       Dazzling Flash    |       |       |       |     2 |       ||     2
       Iskenderun's Batt |       |       |       |     1 |     3 ||     4
Evoke: Wand              |       |    10 |     7 |     3 |     4 ||    24
  Use: Potion            |       |     5 |       |     1 |     1 ||     7
       Scroll            |       |       |       |     8 |     4 ||    12
 Stab: Paralysed         |       |    18 |    10 |       |       ||    28
       Sleeping          |       |       |       |     1 |       ||     1
       Confused          |       |       |       |     5 |     5 ||    10
       Distracted        |       |       |       |     1 |       ||     1
       Invisible         |       |       |       |     1 |       ||     1
Armor: Scale mail        |    45 |    51 |   144 |    40 |       ||   280
       Skin              |       |    17 |       |       |       ||    17
       Steam dragon scal |       |       |       |    12 |       ||    12
       Troll leather arm |       |       |       |   136 |    49 ||   185
Dodge: Dodged            |    52 |    49 |   141 |   503 |   212 ||   957
Block: Buckler           |    19 |    33 |    52 |   194 |    74 ||   372

Table legend: (Time is in decaauts)
 A = Elapsed time spent in this place.
 B = Non-inter-level travel time spent in this place.
 C = Inter-level travel time spent in this place.
 D = Time resting spent in this place.
 E = Time spent auto-exploring this place.
 F = Levels seen in this place.
 G = Mean time per level.
                   A        B        C        D        E       F      G
               +--------+--------+--------+--------+--------+-----+--------+
         Total |  26206 |  24955 |   1251 |   5679 |  13761 |  16 | 1637.9 |
       Dungeon |  14377 |  13758 |    619 |   2885 |   7817 |  10 | 1437.7 |
        Temple |    165 |    165 |      0 |    156 |      0 |   1 |  165.0 |
          Lair |  11663 |  11031 |    632 |   2638 |   5944 |   5 | 2332.6 |
               +--------+--------+--------+--------+--------+-----+--------+

Top non-repeatable levels by time:
  Lair:5: 4611 daAuts
     D:8: 2489 daAuts
  Lair:2: 2467 daAuts
     D:9: 2383 daAuts
  Lair:4: 1827 daAuts
  Lair:3: 1817 daAuts
     D:6: 1716 daAuts
     D:4: 1453 daAuts
     D:3: 1365 daAuts
     D:5: 1259 daAuts
     D:7: 1144 daAuts
    D:10: 1105 daAuts
  Lair:1: 940 daAuts
     D:2: 845 daAuts
     D:1: 614 daAuts
